 Dungeon Crawl Stone Soup version 0.29.0-4-gdea44cf6ec (webtiles) character file.

Game seed: 13561491205145886872

23 qw the Caller (level 2, -3/23 HPs)
             Began as a Ghoul Summoner on Sept 9, 2022.
             Slain by a gnoll
             ... wielding a +4 flail
              (5 damage)
             ... on level 1 of the Dungeon.
             The game lasted 00:00:29 (1113 turns).

qw the Caller (Ghoul Summoner)                      Turns: 1113, Time: 00:00:29

Health: -3/23      AC:  2    Str: 11    XL:     2   Next: 95%
Magic:  0/3        EV: 12    Int: 10    God:
Gold:   60         SH:  0    Dex:  9    Spells: 3/4 levels left

rFire   . . .      SeeInvis .   d - +0 club
rCold   + . .      Faith    .   (no shield)
rNeg    + + +      Spirit   .   a - +0 robe
rPois   inf        Reflect  .   (no helmet)
rElec   .          Harm     .   (no cloak)
rCorr   .          Rampage  .   (no gloves)
Will    .....                   (no boots)
Stlth   ++........              (no amulet)
HPRegen 0.00/turn               (no ring)
MPRegen 0.08/turn               (no ring)

@: inhibited regen
A: claws 1, cold resistance 1, negative energy resistance 3, inhibited
regeneration, torment resistance 2, devour on kill
a: no special abilities


You were on level 1 of the Dungeon.
You visited 1 branch of the dungeon, and saw 1 of its levels.

You collected 60 gold pieces.


Innate Abilities, Weirdness & Mutations

You are immune to poison.
You have sharp fingernails.
Your flesh is cold resistant. (rC+)
You are immune to negative energy. (rN+++)
You do not regenerate when monsters are visible.
You are immune to unholy pain and torment.
You thrive by killing the living.


   Skills:
 - Level 1.0 Fighting
 + Level 1.9 Axes
 - Level 1.7 Dodging
 - Level 2.1 Stealth
 - Level 1.7 Spellcasting
 - Level 3.6 Summonings


You had 3 spell levels left.
You knew the following spells:

 Your Spells              Type           Power      Damage    Failure   Level
a - Summon Small Mammal   Summ           32%        N/A       8%          1

Your spell library contained the following spells:

 Spells                   Type           Power      Damage    Failure   Level
 Call Imp                 Summ           8%         N/A       11%         2
 Call Canine Familiar     Summ           8%         N/A       22%         3
 Summon Guardian Golem    Hex/Summ       4%         N/A       43%         3
 Summon Lightning Spire   Summ/Air       4%         N/A       83%         4

Inventory:

Hand Weapons
 d - a +0 club (weapon)
Armour
 a - a +0 robe (worn)
 e - a +0 helmet
Scrolls
 c - a scroll of immolation {unknown}
Potions
 b - a potion of magic
 f - a potion of degeneration {unknown}
 g - a potion of attraction {unknown}

Dungeon Overview and Level Annotations

Branches:
Dungeon (1/15)

Altars:


Message History

Magic restored.
A gnoll comes into view. It is wielding a +4 flail.
1102 ||| CASTING Summon Small Mammal
Casting: Summon Small Mammal (safe; 8% risk of failure)
Confirm with . or Enter, or press ? or * to list all spells.
The gnoll shouts!
You hear a shout!
1103 ||| CASTING Summon Small Mammal
Casting: Summon Small Mammal (safe; 8% risk of failure)
Confirm with . or Enter, or press ? or * to list all spells.
1104 ||| CASTING Summon Small Mammal
Casting: Summon Small Mammal (safe; 8% risk of failure)
Confirm with . or Enter, or press ? or * to list all spells.
Your bat disappears in a puff of smoke!
Your bat misses the gnoll.
The gnoll hits your bat with a +4 flail!
Your bat dies!
Your bat's corpse disappears in a puff of smoke!
A kobold comes into view. It is wielding a +0 short sword.
Your rat bites the gnoll.
You hit the gnoll.
The gnoll is lightly wounded.
The gnoll misses you.
Your rat bites the gnoll but does no damage.
You hit the gnoll.
The gnoll is moderately wounded.
The gnoll hits you with a +4 flail.
Your rat bites the gnoll.
The gnoll hits you but does no damage.
You barely miss the gnoll.
The gnoll is heavily wounded.
Your rat closely misses the gnoll.
The kobold hits your rat with a +0 short sword.
Your rat dies!
Your rat's corpse disappears in a puff of smoke!
The gnoll hits you with a +4 flail!
You barely miss the gnoll.
The gnoll is heavily wounded.
The gnoll hits you with a +4 flail!
1113 ||| Stepping ~*~*~tactically~*~*~ (outnumbered).
The gnoll attacks as you move away! The gnoll hits you with a +4 flail.
You die...

#.#.#.#
......#......... ....
..#)#.#
##............... ....
....#.#
....#.##......## ####
......#
.#....#...............
...####
##.................##
#...
#...................
#..
#..........#......##
..# #.....###..#....#
#.K@..# #..#....# ..
...$..g#### #.......#
.. ...#...
#....##.#### #. ..
#... #..........# ..
..... #....##+##.# ..
..###. #...........
....... ... ..#
#.........##
......####.
###.####...........
........
###.....####.......


You could see a gnoll and a kobold.

Vanquished Creatures
  A dart slug (D:1)
  An endoplasm (D:1)
  3 goblins (D:1)
  4 hobgoblins (D:1)
  A bat (D:1)
  A frilled lizard (D:1)
  A kobold (D:1)
12 creatures vanquished.

Vanquished Creatures (collateral kills)
  A bat (D:1)
  A hobgoblin (D:1)
  3 ball pythons (D:1)
  A frilled lizard (D:1)
6 creatures vanquished.

Grand Total: 18 creatures vanquished

Notes
Turn   | Place    | Note
-------+----------+-------------------------------------------
     0 | D:1      | qw the Ghoul Summoner began the quest for the Orb.
     0 | D:1      | Reached XP level 1. HP: 14/14 MP: 2/2
     0 | D:1      | 0 ||| qw: Version: 0.1-a-113-g051387a
     0 | D:1      | 0 ||| qw: Game counter: 7107
     0 | D:1      | 0 ||| qw: Always use a shield: true
     0 | D:1      | 0 ||| qw: God list: Okawaru
     0 | D:1      | 0 ||| qw: Allow faded altars: false
     0 | D:1      | 0 ||| qw: Do Orc after D:15 true
     0 | D:1      | 0 ||| qw: Do second Lair branch before Depths: true
     0 | D:1      | 0 ||| qw: Lair rune preference: random
     0 | D:1      | 0 ||| qw: Plans: Normal
     0 | D:1      | 0 ||| PLANNING D:1-11
    24 | D:1      | 24 ||| CASTING Summon Small Mammal
    25 | D:1      | 25 ||| CASTING Summon Small Mammal
    66 | D:1      | 66 ||| CASTING Summon Small Mammal
    67 | D:1      | 67 ||| CASTING Summon Small Mammal
    94 | D:1      | 94 ||| CASTING Summon Small Mammal
    95 | D:1      | 95 ||| CASTING Summon Small Mammal
    98 | D:1      | Reached skill level 1 in Axes
   139 | D:1      | 139 ||| CASTING Summon Small Mammal
   140 | D:1      | 140 ||| CASTING Summon Small Mammal
   167 | D:1      | 167 ||| CASTING Summon Small Mammal
   168 | D:1      | 168 ||| CASTING Summon Small Mammal
   196 | D:1      | 196 ||| CASTING Summon Small Mammal
   197 | D:1      | 197 ||| CASTING Summon Small Mammal
   206 | D:1      | Reached skill level 1 in Fighting
   206 | D:1      | Reached XP level 2. HP: 18/23 MP: 0/3
   303 | D:1      | 303 ||| CASTING Summon Small Mammal
   304 | D:1      | 304 ||| CASTING Summon Small Mammal
   305 | D:1      | 305 ||| CASTING Summon Small Mammal
   315 | D:1      | 315 ||| CASTING Summon Small Mammal
   425 | D:1      | 425 ||| Wielding weapon +0 club.
   442 | D:1      | 442 ||| CASTING Summon Small Mammal
   443 | D:1      | 443 ||| CASTING Summon Small Mammal
   444 | D:1      | 444 ||| CASTING Summon Small Mammal
   493 | D:1      | 493 ||| CASTING Summon Small Mammal
   494 | D:1      | 494 ||| CASTING Summon Small Mammal
   495 | D:1      | 495 ||| CASTING Summon Small Mammal
   611 | D:1      | 611 ||| CASTING Summon Small Mammal
   612 | D:1      | 612 ||| CASTING Summon Small Mammal
   613 | D:1      | 613 ||| CASTING Summon Small Mammal
   662 | D:1      | 662 ||| CASTING Summon Small Mammal
   663 | D:1      | 663 ||| CASTING Summon Small Mammal
   664 | D:1      | 664 ||| CASTING Summon Small Mammal
   771 | D:1      | 771 ||| CASTING Summon Small Mammal
   772 | D:1      | 772 ||| CASTING Summon Small Mammal
   773 | D:1      | 773 ||| CASTING Summon Small Mammal
   784 | D:1      | 784 ||| CASTING Summon Small Mammal
   974 | D:1      | 974 ||| CASTING Summon Small Mammal
   975 | D:1      | 975 ||| CASTING Summon Small Mammal
   976 | D:1      | 976 ||| CASTING Summon Small Mammal
  1013 | D:1      | 1013 ||| CASTING Summon Small Mammal
  1014 | D:1      | 1014 ||| CASTING Summon Small Mammal
  1015 | D:1      | 1015 ||| CASTING Summon Small Mammal
  1064 | D:1      | 1064 ||| CASTING Summon Small Mammal
  1065 | D:1      | 1065 ||| CASTING Summon Small Mammal
  1066 | D:1      | 1066 ||| CASTING Summon Small Mammal
  1102 | D:1      | 1102 ||| CASTING Summon Small Mammal
  1103 | D:1      | 1103 ||| CASTING Summon Small Mammal
  1104 | D:1      | 1104 ||| CASTING Summon Small Mammal
  1112 | D:1      | HP: 2/23 [gnoll/+4 flail (9)]
  1113 | D:1      | 1113 ||| Stepping ~*~*~tactically~*~*~ (outnumbered).
  1113 | D:1      | Slain by a gnoll

Levels and vault maps discovered:
D:1:      eino_arrival_cavern_b, layout_basic

Skill      XL: |  1 |
---------------+----+-----
Axes           | 1 |  1.9
Fighting       | 1 |  1.0
Dodging        | |  1.7
Stealth        | |  2.1
Spellcasting   | |  1.7
Summonings     | |  3.6

Action                   || total
-------------------------++-------
Melee: Unarmed           ||    14
       Club              ||    22
 Cast: Summon Small Mamm ||    43
Armor: Robe              ||     5
Dodge: Dodged            ||    14

Table legend:
 A = Non-vault XP
 B = Vault XP
 C = Vault XP percentage of total XP
 D = Non-vault monster count
 E = Vault monster count
 F = Vault count percentage of total count
                 A         B        C        D         E       F
            +---------+---------+-------+---------+---------+-------
      Total |      33 |       0 |   0.0 |      18 |       0 |   0.0
            +---------+---------+-------+---------+---------+-------
        D:1 |      33 |       0 |   0.0 |      18 |       0 |   0.0
            +---------+---------+-------+---------+---------+-------
